 Dungeon Crawl Stone Soup version 0.17.0-1-g61d176b (console) character file.

49 gw the Sneak (level 4, -2/30 HPs)
             Began as a Halfling Assassin on Nov 7, 2015.
             Slain by a worm (10 damage)
             ... on level 2 of the Dungeon.
             The game lasted 00:02:45 (2010 turns).

gw the Sneak (Halfling Assassin)                    Turns: 2010, Time: 00:02:45

Health: -2/30      AC:  6    Str: 11    XL:     4   Next: 2%
Magic:  4/4        EV: 14    Int: 10    God:
Gold:   63         SH:  0    Dex: 16    Spells: 0 memorised, 3 levels left

rFire  . . .     SeeInvis .     a - +0 club
rCold  . . .     Clarity  .     c - +0 robe
rNeg   . . .     SustAt   .     (shield restricted)
rPois  .         Gourm    .     h - +2 helmet
rElec  .         Spirit   .     d - +0 cloak
rCorr  .         Warding  .     (no gloves)
rMut   .         Stasis   .     (no boots)
MR     .....                    (no amulet)
Stlth  +++.......               (no ring)
                                (no ring)

@: not resistant to hostile enchantments, fairly stealthy
A: mutation resistance 1
a: no special abilities


You were on level 2 of the Dungeon.
You were hungry.

You visited 1 branch of the dungeon, and saw 2 of its levels.

You collected 63 gold pieces.

Inventory:

Hand Weapons
 a - a +0 club (weapon)
Missiles
 b - 17 bolts
 e - 8 poisoned needles
 f - 7 curare-tipped needles
Armour
 c - a +0 robe (worn)
 d - a +0 cloak (worn)
 h - a +2 helmet (worn)
Comestibles
 g - a bread ration


   Skills:
 + Level 2.4 Fighting
   Level 2.6 Short Blades
 * Level 1.7 Maces & Flails
 - Level 2.1 Throwing
 + Level 1.4 Armour
 - Level 1.1 Dodging
 - Level 4.3 Stealth


You had 3 spell levels left.
You didn't know any spells.

Dungeon Overview and Level Annotations

Branches:
Dungeon (2/15)

Altars:


Innate Abilities, Weirdness & Mutations

You are small and have problems with some larger weapons.
You are somewhat resistant to further mutation.


Message History

Unknown command.
ATTACKING (-1,0)
You hit the worm but do no damage. The worm bites you.
Unknown command.
Unknown command.
Unknown command.
Unknown command.
ATTACKING (-1,0)
You hit the worm.
The worm is moderately wounded.
The worm bites you.
Unknown command.
Unknown command.
Unknown command.
Unknown command.
ATTACKING (-1,0)
You hit the worm.
The worm is moderately wounded.
The worm bites you!
You die...

...###.#### #.# #.# .
##'## .. ##...## ...
##.....## ....
..?.......## .....
##)........####...##.
+.........'wpw......
#.........####...##.
##.......## .##
#.....>## .. #.#...##
## #.##+#


You could see 2 worms.

Table legend:
 A = Turns spent in this place as a percentage of turns spent in the entire game.
 B = Non-inter-level travel turns spent in this place as a percentage of non-inter-level travel turns spent in the entire game.
 C = Inter-level travel turns spent in this place as a percentage of turns spent in this place.
 D = Turns resting spent in this place as a percentage of non-inter-level travel turns spent in this place.
 E = Turns spent auto-exploring this place as a percentage of non-inter-level travel turns spent in this place.
 F = Non-inter-level travel turns spent in this place divided by the number of levels of this place that you've seen.
                   A       B       C       D       E      F
               +-------+-------+-------+-------+-------+----------------------
         Total | 100.0 | 100.0 |   0.4 |   1.0 |   1.8 | 2007.5
       Dungeon | 100.0 | 100.0 |   0.4 |   1.0 |   1.8 | 2007.5
               +-------+-------+-------+-------+-------+----------------------

Table legend:
 A = Kills in this place as a percentage of kills in entire the game.
 B = Kills by you in this place as a percentage of kills by you in the entire game.
 C = Kills by friends in this place as a percentage of kills by friends in the entire game.
 D = Other kills in this place as a percentage of other kills in the entire game.
 E = Experience gained in this place as a percentage of experience gained in the entire game.
 F = Experience gained in this place divided by the number of levels of this place that you have seen.
                   A       B       C       D       E      F
               +-------+-------+-------+-------+-------+----------------------
         Total | 100.0 | 100.0 |  -nan |  -nan | 100.0 |  35.5
       Dungeon | 100.0 | 100.0 |  -nan |  -nan | 100.0 |  35.5
               +-------+-------+-------+-------+-------+----------------------

Vanquished Creatures
  An ooze (D:2)
  A worm (D:2)
  2 giant cockroaches (D:2)
  4 goblins
  5 hobgoblins
  7 kobolds
  A ball python (D:1)
  9 bats
  2 giant geckos (D:1)
  8 rats
40 creatures vanquished.

Notes
Turn   | Place    | Note
--------------------------------------------------------------
     0 | D:1      | gw the Halfling Assassin began the quest for the Orb.
     0 | D:1      | Reached XP level 1. HP: 14/14 MP: 1/1
    66 | D:1      | Reached XP level 2. HP: 6/19 MP: 2/2
    77 | D:1      | Reached skill level 1 in Armour
   831 | D:1      | Reached XP level 3. HP: 8/25 MP: 3/3
  1063 | D:1      | Reached skill level 1 in Maces & Flails
  1918 | D:2      | Reached XP level 4. HP: 27/30 MP: 4/4
  2010 | D:2      | Slain by a worm

Action                   |  1- 3 |  4- 6 || total
-------------------------+-------+-------++-------
Melee: Dagger            |    24 |       ||    24
       Club              |   164 |    19 ||   183
  Eat: Chunk             |     4 |       ||     4

Vault maps used:
D:1:      lemuel_arrival_room, moated_statue, st_stairs_14
